 Dungeon Crawl Stone Soup version 0.19-a0-994-g3c636f0 (webtiles) character file.

13 Rainbowgamer28 the Bolt Thrower (level 2, -3/16 HPs)
             Began as a Spriggan Wanderer on July 16, 2016.
             Slain by a giant gecko (5 damage)
             ... on level 1 of the Dungeon.
             The game lasted 00:01:43 (328 turns).

Rainbowgamer28 the Bolt Thrower (Spriggan Wanderer)  Turns: 328, Time: 00:01:44

Health: -3/16      AC:  2    Str:  9    XL:     2   Next: 24%
Magic:  5/5        EV: 17    Int: 12    God:
Gold:   9          SH:  0    Dex: 15    Spells: 0 memorised, 1 level left

rFire  . . .     SeeInvis +     c - +0 hand crossbow
rCold  . . .     Gourm    .     b - +0 robe
rNeg   . . .     Faith    .     (shield restricted)
rPois  .         Spirit   .     (helmet restricted)
rElec  .         Dismiss  .     (no cloak)
rCorr  .         Reflect  .     (gloves unavailable)
SustAt .         Harm     .     (boots unavailable)
MR     .....                    (no amulet)
Stlth  +.........               (no ring)
                                (no ring)

@: very quick, not resistant to hostile enchantments, very unstealthy
A: unfitting armour, see invisible, herbivore 3, speed 3, slow metabolism 2
a: no special abilities


You were on level 1 of the Dungeon.
You were not hungry.

You visited 1 branch of the dungeon, and saw 1 of its levels.

You collected 9 gold pieces.

Inventory:

Hand Weapons
 c - a +0 hand crossbow (weapon)
 j - a +0 short sword
Missiles
 d - 21 bolts (quivered)
Armour
 b - a +0 robe (worn)
Wands
 a - a wand of enslavement (15/24)
Scrolls
 e - 3 scrolls of identify {unknown}
 h - 2 scrolls of recharging {unknown}
 i - a scroll of blinking {unknown}
Potions
 g - a potion of flight {unknown}
Comestibles
 f - a bread ration


   Skills:
 - Level 2.6 Fighting
 + Level 1.2 Short Blades
   Level 1.2 Bows
 - Level 3.1 Crossbows
 - Level 1.7 Dodging
 - Level 2.8 Evocations


You had one spell level left.
You didn't know any spells.

Dungeon Overview and Level Annotations

Branches:
Dungeon (1/15)

Altars:


Innate Abilities, Weirdness & Mutations

You are tiny and cannot use many weapons and most armour.
You have supernaturally acute eyesight. (SInv)
You are a herbivore.
You cover ground extremely quickly.
You need consume almost no food.


Message History

c - a +0 hand crossbow (weapon)
A goblin comes into view. It is wielding a club.
You see here 27 arrows.
Firing (i - inventory):
d - 24 bolts (quivered)
Press: ? - help, Shift-Dir - straight line, f - giant gecko
Aim: a giant gecko (clinging)
You shoot a bolt.
The bolt closely misses the giant gecko.
Firing (i - inventory):
d - 23 bolts (quivered)
Press: ? - help, Shift-Dir - straight line, f/p - giant gecko
Aim: a giant gecko (clinging)
You shoot a bolt. The bolt barely misses the giant gecko.
The giant gecko barely misses you. The giant gecko bites you.
* * * LOW HITPOINT WARNING * * *
Firing (i - inventory):
d - 22 bolts (quivered)
Press: ? - help, Shift-Dir - straight line, f/p - giant gecko
Aim: a giant gecko (clinging)
You shoot a bolt. The bolt barely misses the giant gecko.
The giant gecko bites you.
You die...

#.......##..g...
.# .... #.#.....#
.... .#.....
#.#.....#
###'###.'.....
#.#.....# #.....(#
........# #......#
##......# #......#
........###...%..#
##......##......l#
...#....##.#####@#
####....##.# #.#
##'####.### ###
#.# #...#
##.######.#####
#.............#
#########.###.#
#... #####


You could see a giant gecko.

Vanquished Creatures
  A giant gecko (D:1)
  A bat (D:1)
  2 giant cockroaches (D:1)
  2 goblins (D:1)
  2 hobgoblins (D:1)
  A kobold (D:1)
9 creatures vanquished.

Notes
Turn   | Place    | Note
-------+----------+-------------------------------------------
     0 | D:1      | Rainbowgamer28 the Spriggan Wanderer began the quest for the Orb.
     0 | D:1      | Rainbowgamer28 set off with: a wand of enslavement (15/24), a +0 robe, a +0 hand crossbow, 25 bolts, a bread ration
     0 | D:1      | Reached XP level 1. HP: 11/11 MP: 3/3
   187 | D:1      | Reached XP level 2. HP: 12/16 MP: 5/5
   305 | D:1      | Reached skill level 1 in Short Blades
   328 | D:1      | Slain by a giant gecko

Vault maps used:
D:1:      dpeg_arrival_lava_temple_mockup, hangedman_decor_push

Skill      XL: |  1  2 |
---------------+-------+-----
Short Blades   | 1 |  1.2
Fighting       | |  2.6
Bows           | |  1.2
Crossbows      | |  3.1
Dodging        | |  1.7
Evocations     | |  2.8

Action                   || total
-------------------------++-------
Melee: Short sword       ||    29
 Fire: Hand crossbow     ||     8
Armor: Robe              ||     5
Dodge: Dodged            ||    17
